 Dungeon Crawl Stone Soup version 0.28-a0-769-g550dbda0cd (webtiles) character file.

Game seed: 12596675909400693905

843 funkygono the Firebug (level 8, -1/41 HPs)
             Began as a Gargoyle Fire Elementalist on Oct 30, 2021.
             Killed from afar by Blork the orc (8 damage)
             ... with a magic dart
             ... on level 5 of the Dungeon on Oct 31, 2021.
             The game lasted 00:14:58 (5010 turns).

funkygono the Firebug (Gargoyle Fire Elementalist)  Turns: 5010, Time: 00:14:58

Health: -1/41      AC: 12    Str: 12    XL:     8   Next: 0%
Magic:  6/24       EV: 12    Int: 18    God:
Gold:   124        SH:  0    Dex: 10    Spells: 2/16 levels left

rFire   . . .      SeeInvis .   q - +3 whip (flame)
rCold   + . .      Faith    .   (no shield)
rNeg    + . .      Spirit   .   h - +2 robe {rC+}
rPois   ∞          Reflect  .   i - +0 helmet
rElec   +          Harm     .   c - +0 cloak
rCorr   .          Rampage  .   n - +0 pair of gloves
Will    +....                   (no boots)
Stlth   ++........              (no amulet)
HPRegen 0.13/turn               j - ring of willpower
MPRegen 0.19/turn               e - ring of magical power

@: no status effects
A: sickness immunity, AC +5, negative energy resistance 1, electricity
resistance, torment resistance 1, petrification resistance
a: no special abilities


You were on level 5 of the Dungeon.
You visited 1 branch of the dungeon, and saw 5 of its levels.

You collected 124 gold pieces.

Inventory:

Hand Weapons
 b - a +4 quarterstaff of chaos
 g - a +0 whip of freezing
 q - a +3 whip of flaming (weapon)
 r - a +2 antimagic whip
 s - a +0 mace
Missiles
 f - 47 stones
Armour
 c - a +0 cloak (worn)
 d - a +0 leather armour
 h - a +2 robe of cold resistance (worn)
 i - a +0 helmet (worn)
 n - a +0 pair of gloves (worn)
 t - a +0 buckler
Magical Staves
 m - a staff of death
 o - a staff of air
Jewellery
 e - a ring of magical power (right hand)
 j - a ring of willpower (left hand)
Potions
 a - a potion of might
 k - a potion of mutation
 p - 2 potions of haste


   Skills:
 + Level 0.1 Fighting
 + Level 0.9 Armour
 + Level 1.9 Dodging
 - Level 2.1 Stealth
 * Level 4.9 Spellcasting
 * Level 4.5 Conjurations
 * Level 5.4 Fire Magic
 * Level 3.1 Earth Magic


You had 2 spell levels left.
You knew the following spells:

 Your Spells              Type           Power      Damage    Failure   Level
a - Foxfire               Conj/Fire      88%        2x1d8     1%          1
b - Scorch                Fire           48%        2d7       2%          2
c - Conjure Flame         Conj/Fire      22%        6-21      5%          3
d - Flame Wave            Conj/Fire      22%        3d6       17%         4
h - Sandblast             Erth           30%        2d9       3%          1
j - Stone Arrow           Conj/Erth      36%        3d9       9%          3

Your spell library contained the following spells:

 Spells                   Type           Power      Damage    Failure   Level
 Passwall                 Tmut/Erth      8%         N/A       11%         2
 Ensorcelled Hibernation  Hex/Ice        8%         N/A       21%         2
 Inner Flame              Hex/Fire       14%        N/A       13%         3
 Spider Form              Tmut/Pois      2%         N/A       38%         3


Dungeon Overview and Level Annotations

Branches:
Dungeon (5/15)
 Temple: D:4-7

Altars:
Fedhas

Shops:
D:4 *   D:5 [

Annotations:
D:5 Blork the orc


Innate Abilities, Weirdness & Mutations

You are immune to sickness and miasma.
Your stone body is resilient. (AC +5)
You are immune to poison.
You resist negative energy. (rN+)
You are resistant to electric shocks. (rElec)
You are resistant to unholy torment.
You are immune to petrification.


Message History

Blork the orc is severely wounded.
The foxfire hits Blork the orc.
Blork the orc resists.
Blork the orc is severely wounded.
Blork the orc gestures at you while chanting.
The puff of flame hits you!
Blork the orc looks encouraged for a moment.
Casting: Scorch (safe; 2% risk of failure)
Confirm with . or Enter, or press ? or * to list all spells.
Flames lash the orc wizard.
The orc wizard is burned terribly!
You kill the orc wizard!
Blork the orc looks satisfied for a moment.
You have reached level 8!
You feel stronger.
Blork the orc gestures at you while chanting.
The magic dart hits you! Blork the orc misses you.
Casting: Scorch (safe; 2% risk of failure)
Confirm with . or Enter, or press ? or * to list all spells.
Flames lash Blork the orc.
Blork the orc resists.
Blork the orc is almost dead.
Blork the orc's fire resistance burns away.
Blork the orc seems less brilliant.
Blork the orc hits you from afar with a +0 glaive!
* * * LOW HITPOINT WARNING * * *
Casting: Scorch (safe; 2% risk of failure)
Confirm with . or Enter, or press ? or * to list all spells.
Flames lash the orc.
You kill the orc!
Blork the orc hits you from afar with a +0 glaive.
* * * LOW HITPOINT WARNING * * *
Blork the orc casts a spell at you.
The puff of flame hits you but does no damage.
It was a potion of curing.
You feel better. Blork the orc casts a spell at you. The magic dart hits you.
* * * LOW HITPOINT WARNING * * *
Blork the orc is no longer more vulnerable to fire.
Blork the orc points at you and mumbles some strange words.
The magic dart hits you!
You die...

...>.................
...#................ ..
...<..#.##.............
... ......................
...##..#.......<.......>.#
.)...(#.#........###...##
#....###.#...######...## .
#...##.....## #.....# ...
#..o..@....# ##.....
....##.)o..#....# #...##
#.........###...# ##.##
#..#.)..## #...# ###
#.......# ##### ........##
...#..... .........
..#.$$$...


You could see Blork the orc (fast) and an orc.

Vanquished Creatures
  Sigmund (D:2)
  A water moccasin (D:3)
  An ogre (D:4)
  A scorpion (D:4)
  2 hounds
  A gnoll shaman (D:4)
  Crazy Yiuf (D:3)
  Jessica (D:2)
  Terence (D:2)
  2 iguanas (D:4)
  An orc wizard (D:5)
  5 adders
  5 gnolls (D:4)
  3 river rats (D:4)
  A white imp (D:3)
  An ufetubus (D:4)
  An orc (D:5)
  5 endoplasms
  3 giant cockroaches
  6 goblins
  7 hobgoblins
  4 jackals (D:1)
  3 quokkas
  8 ball pythons
  3 bats (D:1)
  4 frilled lizards
  6 kobolds
  5 rats
83 creatures vanquished.

Vanquished Creatures (others)
  258 foxfires
258 creatures vanquished.

Grand Total: 341 creatures vanquished

Notes
Turn   | Place    | Note
-------+----------+-------------------------------------------
     0 | D:1      | funkygono the Gargoyle Fire Elementalist began the quest
                  | for the Orb.
     0 | D:1      | Reached XP level 1. HP: 10/10 MP: 3/3
   247 | D:1      | Upgraded the game from 0.28-a0-751-gef3a642a4e to
                  | 0.28-a0-769-g550dbda0cd
   257 | D:1      | Reached XP level 2. HP: 10/15 MP: 0/5
   275 | D:1      | Learned a level 2 spell: Scorch
  1182 | D:1      | Reached XP level 3. HP: 16/19 MP: 1/6
  1301 | D:1      | Learned a level 1 spell: Sandblast
  1328 | D:2      | Noticed Jessica
  1335 | D:2      | Killed Jessica
  1538 | D:2      | Noticed Sigmund
  1545 | D:2      | Killed Sigmund
  1546 | D:2      | Reached skill level 4 in Fire Magic
  1546 | D:2      | Reached skill level 1 in Earth Magic
  1546 | D:2      | Reached XP level 4. HP: 24/24 MP: 0/9
  1546 | D:2      | Reached XP level 5. HP: 28/28 MP: 0/10
  1642 | D:2      | Found a faded altar of an unknown god.
  1733 | D:2      | Reached XP level 6. HP: 32/32 MP: 5/11
  1737 | D:2      | Learned a level 3 spell: Conjure Flame
  1742 | D:2      | Learned a level 4 spell: Flame Wave
  2053 | D:2      | Noticed Terence
  2067 | D:2      | Killed Terence
  2419 | D:3      | Noticed a water moccasin
  2431 | D:3      | Killed a water moccasin
  2788 | D:3      | Found a runed translucent door.
  2789 | D:3      | Noticed Crazy Yiuf
  2796 | D:3      | Killed Crazy Yiuf
  2918 | D:3      | Reached XP level 7. HP: 36/36 MP: 9/13
  2974 | D:3      | Learned a level 3 spell: Stone Arrow
  3209 | D:3      | Reached skill level 5 in Fire Magic
  3653 | D:4      | Found a blossoming altar of Fedhas.
  4162 | D:4      | Found Ezidita's Neck Hole.
  4899 | D:5      | Entered Level 5 of the Dungeon
  4983 | D:5      | Found Lughit's Armour Emporium.
  4989 | D:5      | Noticed Blork the orc
  5004 | D:5      | Reached XP level 8. HP: 24/41 MP: 9/15
  5010 | D:5      | Killed from afar by Blork the orc

Illustrated notes

Levels and vault maps discovered:
D:1:      matt_arrival_diagonals, layout_loops_cross, grunt_decor_clamped,
          chequers_serial_rivers_marsh, minmay_cut_off
D:2:      layout_rooms, ebering_ecumenical_altar_ruins,
          wander_ebering_terrifying_dragon_lair, uniq_jessica, uniq_terence,
          uniq_sigmund
D:3:      layout_basic, kennysheep_generic_room_6, uniq_crazy_yiuf_cottage
D:4:      layout_loops_cross, mainiacjoe_overflow_catwalk, portal_sewer_entry_e,
          nicolae_shop_sticking_my_neck_out
D:5:      layout_cave_pools, yredelemnul_altar_generic, serial_shops,
          shop_coins, uniq_blork_the_orc

Skill      XL: |  1  2  3  4  5  6  7 |
---------------+----------------------+-----
Spellcasting   | 3 4 |  4.9
Conjurations   | 2 3 4 |  4.5
Fire Magic     | 4 5 |  5.4
Earth Magic    | 1 2 3 |  3.1
Fighting       | |  0.1
Armour         | |  0.9
Dodging        | |  1.9
Stealth        | |  2.1

Action                   |  1- 3 |  4- 6 |  7- 9 || total
-------------------------+-------+-------+-------++-------
Melee: Unarmed           |    13 |       |       ||    13
       Whip              |       |     5 |    20 ||    25
 Cast: Foxfire           |    44 |    32 |    96 ||   172
       Scorch            |     4 |     9 |    11 ||    24
       Sandblast         |       |     5 |     7 ||    12
       Stone Arrow       |       |       |     4 ||     4
  Use: Scroll            |       |     5 |     3 ||     8
       Potion            |       |       |     1 ||     1
Armor: Robe              |    22 |     5 |    14 ||    41
       Leather armour    |     3 |       |       ||     3
Dodge: Dodged            |    29 |    13 |    33 ||    75

Table legend: (Time is in decaauts)
 A = Elapsed time spent in this place.
 B = Non-inter-level travel time spent in this place.
 C = Inter-level travel time spent in this place.
 D = Time resting spent in this place.
 E = Time spent auto-exploring this place.
 F = Levels seen in this place.
 G = Mean time per level.
                   A        B        C        D        E       F      G
               +--------+--------+--------+--------+--------+-----+--------+
         Total |   5014 |   4794 |    220 |    515 |   3069 |   5 | 1002.8 |
       Dungeon |   5014 |   4794 |    220 |    515 |   3069 |   5 | 1002.8 |
               +--------+--------+--------+--------+--------+-----+--------+

Top non-repeatable levels by time:
     D:1: 1328 daAuts
     D:4: 1272 daAuts
     D:2: 1193 daAuts
     D:3: 1109 daAuts
     D:5: 110 daAuts
